 Dungeon Sprint DCSS version 0.31-a0-960-g0fca184906 (webtiles) character file.

Game seed: 10955182991785445875

2496 sircluck the Grappler (level 9, -5/102 HPs)
             Began as a Troll Berserker on Oct 23, 2023.
             Was a High Priest of Trog.
             Slain by Sonja
             ... wielding a +0 dagger of distortion
              (14 damage)
             ... in the Dungeon (Sprint VII: "The Pits").
             The game lasted 00:01:55 (555 turns).

sircluck the Grappler (Troll Berserker)              Turns: 555, Time: 00:01:55

Health: -5/102     AC:  4    Str: 31    XL:     9   Next: 28%
Magic:  8/8        EV: 12    Int:  3    God:    Trog [*****.]
Gold:   0          SH:  0    Dex:  9    Spells: 8/8 levels left

rFire   . .          .
                       - Unarmed
rCold   . . .        (no shield)
rNeg    . . .        a - +0 animal skin
rPois   .            (helmet restricted)
rElec   .            (no cloak)
rCorr   .            (gloves unavailable)
SInv    .            (boots unavailable)
Will    .....        (no amulet)
Stlth   +            (no ring)
HPRegen 1.17/turn    (no ring)
MPRegen 0.11/turn

%: no teleportation
@: slowed, very slow
A: large, unfitting armour, claws 3, regeneration 1, shaggy fur 1, tough skin 1
a: Renounce Religion, Berserk, Trog's Hand, Brothers in Arms


You were in the Dungeon.
You worshipped Trog.
Trog was extremely pleased with you.
You visited 1 branch

Inventory:

Armour
 a - a +0 animal skin (worn)
Jewellery
 k - a +3 ring of protection
 m - a +3 ring of intelligence
Scrolls
 g - a scroll of blinking
 i - 2 scrolls of vulnerability
 j - a scroll of summoning
Potions
 b - 5 potions of curing
 c - 12 potions of heal wounds
 d - 3 potions of haste
 e - 4 potions of magic
 f - 3 potions of berserk rage
 h - 2 potions of invisibility
 l - 2 potions of mutation


   Skills:
 + Level 10.9 Fighting
 + Level 10.8 Dodging
 + Level 12.7 Unarmed Combat


You had 8 spell levels left.
You didn't know any spells.
Your spell library was empty.

Dungeon Overview and Level Annotations

Branches:
Dungeon (1/1)

Altars:
Ashenzari
Cheibriados
Dithmenos
Elyvilon
Fedhas
Gozag
Hepliaklqana
Kikubaaqudgha
Makhleb
Nemelex Xobeh
Okawaru
Qazlal
Ru
Sif Muna
Trog
Uskayaw
Vehumet
Wu Jian
Xom
Yredelemnul
Zin
The Shining One
Jiyva
Lugonu

Annotations:
D Sonja


Innate Abilities, Weirdness & Mutations

You are too large for most types of armour.
You have claws for hands.
Your natural rate of healing is unusually fast.
You are covered in fur. (AC +1)
You have tough skin. (AC +1)


Message History

You are too injured to fight recklessly!
You are too injured to fight recklessly!
You feel very sick.
Sonja hits you with a +0 dagger of distortion!
Space warps horribly around you!!
* * * LOW HITPOINT WARNING * * *
Sonja barely misses you. Sonja closely misses you.
Sonja gestures wildly while chanting.
Sonja blinks!
The jackal barely misses you.
You mangle the jackal!!
You kill the jackal!
Trog accepts your kill.
You feel sick.
Sonja throws a curare-tipped dart.
The curare-tipped dart hits you.
You are more poisoned.
You have difficulty breathing.
* * * LOW HITPOINT WARNING * * *
You feel as though you will be slow longer.
Unknown command.
You feel better.
Unknown command.
Unknown command.
Unknown command.
Your stone giant goes berserk!
Sonja misses you. Sonja barely misses you.
Sonja hits you with a +0 dagger of distortion.
* * * LOW HITPOINT WARNING * * *
Unknown command.
Unknown command.
You mangle Sonja!!
Sonja is almost dead.
Sonja hits you with a +0 dagger of distortion!
* * * LOW HITPOINT WARNING * * *
Space warps around you.
* * * LOW HITPOINT WARNING * * *
Sonja hits you but does no damage.
Sonja hits you with a +0 dagger of distortion.
* * * LOW HITPOINT WARNING * * *
Space warps horribly around you!
You die...

___.# ___.#
_...###########++###### ###
###'##................# ..#
))'.##......#..#......##..#
###.##................''..#
.....'...............)''..#
÷#####......#.C#......##.......
....##..........@K....# ......E
###÷#####'#####'†###### #######
....##.......##††#
....##.......##..#
#'####.......##..#
))).##...<...##..#
....##.......##..#
....##.......##..#
######.......##...


You could see Sonja (ally target) and a friendly stone giant (summoned,
berserk).

Vanquished Creatures
  A death knight (D)
  A death yak (D)
  A red devil (D)
  2 glass eyes (D)
  A water elemental (D)
  A redback (D)
  A black bear (D)
  A centaur (D)
  A gnoll sergeant (D)
  A scorpion (D)
  A hound (D)
  2 orc priests (D)
  An orc wizard (D)
  A gnoll (D)
  A river rat (D)
  A white imp (D)
  2 ufetubi (D)
  6 orcs (D)
  2 bats (D)
  An endoplasm (D)
  4 jackals (D)
  2 quokkas (D)
  2 rats (D)
37 creatures vanquished.

Notes
Turn   | Place    | Note
-------+----------+-------------------------------------------
     0 | D        | sircluck the Troll Berserker began the quest for the Orb.
     0 | D        | Reached XP level 1. HP: 22/22 MP: 0/0
    22 | D        | Noticed a death knight
    22 | D        | Noticed a water elemental
    41 | D        | Killed a death knight
    42 | D        | Reached skill level 9 in Unarmed Combat
    42 | D        | Reached XP level 2. HP: 29/41 MP: 1/1
    42 | D        | Reached XP level 3. HP: 34/48 MP: 2/2
    42 | D        | Reached XP level 4. HP: 41/57 MP: 3/3
    42 | D        | Reached XP level 5. HP: 45/63 MP: 4/4
    42 | D        | Reached XP level 6. HP: 52/72 MP: 5/5
    42 | D        | Reached XP level 7. HP: 57/80 MP: 6/6
    71 | D        | Killed a water elemental
    72 | D        | Reached skill level 10 in Unarmed Combat
   100 | D        | Reached ** piety under Trog
   104 | D        | Found a bloodstained altar of Trog.
   104 | D        | Found a shimmering blue altar of Sif Muna.
   104 | D        | Found a viscous altar of Jiyva.
   104 | D        | Found a hazy altar of Hepliaklqana.
   104 | D        | Found an opulent altar of Gozag.
   105 | D        | Found a glowing golden altar of the Shining One.
   105 | D        | Found a glowing silver altar of Zin.
   105 | D        | Found a basalt altar of Yredelemnul.
   105 | D        | Found a shimmering altar of Xom.
   105 | D        | Found an ornate altar of the Wu Jian Council.
   105 | D        | Found a sacrificial altar of Ru.
   105 | D        | Found a stormy altar of Qazlal.
   105 | D        | Found an iron altar of Okawaru.
   105 | D        | Found a sparkling altar of Nemelex Xobeh.
   105 | D        | Found a burning altar of Makhleb.
   105 | D        | Found a blossoming altar of Fedhas.
   105 | D        | Found a white marble altar of Elyvilon.
   105 | D        | Found a shadowy altar of Dithmenos.
   105 | D        | Found a snail-covered altar of Cheibriados.
   108 | D        | Found a corrupted altar of Lugonu.
   108 | D        | Found a radiant altar of Vehumet.
   109 | D        | Found an ancient bone altar of Kikubaaqudgha.
   109 | D        | Found a hide-covered altar of Uskayaw.
   109 | D        | Found a broken altar of Ashenzari.
   147 | D        | Noticed a glass eye
   153 | D        | Killed a glass eye
   158 | D        | Reached *** piety under Trog
   176 | D        | Reached **** piety under Trog
   181 | D        | Reached XP level 8. HP: 44/92 MP: 7/7
   279 | D        | Noticed a glass eye
   305 | D        | Killed a glass eye
   305 | D        | Reached ***** piety under Trog
   306 | D        | Reached skill level 11 in Unarmed Combat
   365 | D        | Noticed a red devil
   370 | D        | Killed a red devil
   371 | D        | Reached skill level 10 in Fighting
   371 | D        | Reached skill level 10 in Dodging
   429 | D        | Reached ****** piety under Trog
   432 | D        | Received a gift from Trog
   433 | D        | Reached skill level 12 in Unarmed Combat
   539 | D        | Noticed a death yak
   539 | D        | Noticed Sonja
   550 | D        | Killed a death yak
   551 | D        | Reached XP level 9. HP: 51/102 MP: 8/8
   555 | D        | Slain by Sonja

Illustrated notes

Levels and vault maps discovered:
D:        pitsprint [storerooms_1, entrance_room_1, metal_vault_3, armoury_1,
          mini_pit_1, grid_room_1, main_hall_1, silver_pit, the_coven_1,
          the_vestibule_1, steel_vault_3, golden_pit, hallway_of_sentries,
          crystal_vault_1, iron_vault_3, final_vault]

Skill      XL: |  1  2  3  4  5  6  7  8 |
---------------+-------------------------+-----
Fighting       | 8 9 10 | 10.9
Dodging        | 7 8 10 | 10.8
Unarmed Combat | 9 10 12 | 12.7

Action                     |  1- 3 |  4- 6 |  7- 9 || total
---------------------------+-------+-------+-------++-------
  Melee: Unarmed           |    10 |       |    85 ||    95
         Punch             |       |       |     4 ||     4
 Invoke: Berserk           |     1 |       |     1 ||     2
         Brothers in Arms  |       |       |     1 ||     1
    Use: Potion            |       |       |     2 ||     2
   Stab: Sleeping          |       |       |     1 ||     1
 Armour: Animal skin       |       |       |    64 ||    64
  Dodge: Dodged            |     2 |       |    35 ||    37

Table legend: (Time is in decaauts)
 A = Elapsed time spent in this place.
 B = Non-inter-level travel time spent in this place.
 C = Inter-level travel time spent in this place.
 D = Time resting spent in this place.
 E = Time spent auto-exploring this place.
 F = Levels seen in this place.
 G = Mean time per level.
                   A        B        C        D        E       F      G
               +--------+--------+--------+--------+--------+-----+--------+
         Total |    559 |    559 |      0 |    116 |    202 |   1 |  559.0 |
       Dungeon |    559 |    559 |      0 |    116 |    202 |   1 |  559.0 |
               +--------+--------+--------+--------+--------+-----+--------+

Top non-repeatable levels by time:
       D: 559 daAuts
